 Dungeon Crawl Stone Soup version 0.24.0-2-g5b39cebb1c (webtiles) character file.

Game seed: 3445018477727189974, levelgen mode: deterministic

29799 Chiseanne the Thaumaturge (level 13, -7/86 HPs)
             Began as a Demonspawn Wizard on Oct 30, 2019.
             Was an Elder of Vehumet.
             Mangled by Kirke (13 damage)
             ... on level 4 of the Lair of Beasts.
             The game lasted 01:23:02 (25448 turns).

Chiseanne the Thaumaturge (Demonspawn Wizard)      Turns: 25448, Time: 01:23:03

Health: -7/86      AC:  0    Str: 13    XL:     13   Next: 17%
Magic:  13/28      EV: 18    Int: 25    God:    Vehumet [****..]
Gold:   737        SH:  0    Dex: 11    Spells: 18/34 levels left

rFire    + . .     SeeInvis .   (weapon currently unavailable)
rCold    + . .     Gourm    .   (shield currently unavailable)
rNeg     . . .     Faith    .   (armour currently unavailable)
rPois    +         Spirit   .   (helmet currently unavailable)
rElec    +         Reflect  .   (cloak currently unavailable)
rCorr    +         Harm     .   (gloves currently unavailable)
MR       .....                  (boots currently unavailable)
Stlth    ++........             (no amulet)
HPRegen  0.24/turn              (ring currently unavailable)
MPRegen  0.21/turn              (ring currently unavailable)

@: mighty, pig-form, resistant, slowed
A: small, frail 1, foul stench 1, powered by pain 1, rot immunity
a: Renounce Religion


You were on level 4 of the Lair of Beasts.
You worshipped Vehumet.
Vehumet was greatly pleased with you.
You were hungry.
You were a filthy swine.
You visited 4 branches of the dungeon, and saw 22 of its levels.
You also visited: Ossuary.

You collected 737 gold pieces.

Inventory:

Hand Weapons
 a - a +3 hand axe of electrocution (melded)
 g - a +1 dire flail of protection
 F - a +1 flail of protection
 Q - a +5 dagger
Missiles
 c - 246 stones
 k - 8 throwing nets
 m - 144 sling bullets
 x - 16 boomerangs
 y - 259 arrows
 z - 122 bolts
 A - 4 javelins (quivered)
 D - 6 atropa-tipped darts
 G - 7 curare-tipped darts
 H - 47 poisoned darts
 W - 6 silver javelins
Armour
 e - a +0 helmet (melded)
 i - a scarf of spirit shield (melded)
 B - a +2 leather armour of cold resistance (melded)
 N - a +1 leather armour of fire resistance
 P - a +0 pair of gloves (melded)
 R - a +0 troll leather armour
 V - a +0 shield (melded)
Magical Staves
 U - an uncursed staff of energy
Jewellery
 h - a +2 ring of slaying
 q - a +5 ring of protection (melded)
 v - an uncursed ring of positive energy
 w - a +4 ring of intelligence
 E - a ring of poison resistance (melded)
Wands
 b - a wand of flame (3)
 u - a wand of polymorph (27)
 X - a wand of enslavement (5)
Scrolls
 j - 4 scrolls of teleportation
 o - 11 scrolls of remove curse
 p - a scroll of fear
 s - 2 scrolls of blinking
 t - a scroll of magic mapping
 J - 4 scrolls of identify
 K - 2 scrolls of immolation
 L - a scroll of summoning
 M - a scroll of amnesia
Potions
 f - 2 potions of heal wounds
 l - 4 potions of resistance
 n - 7 potions of curing
 r - 2 potions of brilliance
 C - 7 potions of flight
 I - 2 potions of ambrosia
 S - a potion of cancellation
Miscellaneous
 O - a lamp of fire
Comestibles
 d - 29 rations


   Skills:
 - Level 7.3 Fighting
 - Level 5.1 Armour
 - Level 7.0 Dodging
 - Level 1.7 Stealth
 + Level 7.4 Shields
 - Level 11.1 Spellcasting
 - Level 9.2 Conjurations
 - Level 1.0 Summonings
 - Level 3.5 Translocations
 - Level 8.0 Air Magic


You had 18 spell levels left.
You knew the following spells:

 Your Spells              Type           Power        Failure   Level  Hunger
a - Magic Dart            Conj           ####         1%          1    None
b - Stone Arrow           Conj/Erth      #####.       1%          3    None
c - Conjure Flame         Conj/Fire      #####...     1%          3    None
d - Mephitic Cloud        Conj/Pois/Air  #####...     1%          3    None
e - Blink                 Tloc           N/A          1%          2    None
f - Summon Butterflies    Summ           ###.....     3%          1    None
g - Static Discharge      Conj/Air       ######..     1%          3    None

Your spell library contained the following spells:

 Spells                   Type           Power        Failure   Level  Hunger
 Sandblast                Erth           ##....       1%          1    None
 Animate Skeleton         Necr           N/A          4%          1    None
 Pain                     Necr           ##..         4%          1    None
 Call Imp                 Summ           ###.....     4%          2    None
 Passwall                 Tmut/Erth      ##......     7%          2    None
 Slow                     Hex            ##......     7%          2    None
 Call Canine Familiar     Summ           ###.....     9%          3    None
 Regeneration             Chrm/Necr      ##........   13%         3    None
 Vampiric Draining        Necr           ##........   13%         3    None
 Lee's Rapid Deconstruct  Erth           ##........   30%         5    ####...
 Summon Ice Beast         Ice/Summ       ###.....     34%         4    None
 Animate Dead             Necr           N/A          41%         4    None
 Petrify                  Tmut/Erth      ##......     41%         4    None
 Summon Mana Viper        Hex/Summ       ###.....     69%         5    ####...
 Summon Hydra             Summ           ###.......   100%        7    #######


Dungeon Overview and Level Annotations

Branches:
Dungeon (15/15)            Temple (1/1) D:7            Lair (4/6) D:9
  Swamp (0/4) Lair:2          Orc (2/2) D:11        Ossuary (visited)
  Snake: Lair:2-4    Spider: Lair:2-4       Elf: Orc:2       Vaults: D:13-14
 Depths: D:15

Altars:
Ashenzari
Cheibriados
Dithmenos
Elyvilon
Fedhas
Gozag
Hepliaklqana
Kikubaaqudgha
Makhleb
Nemelex Xobeh
Okawaru
Qazlal
Ru
Sif Muna
Trog
Uskayaw
Vehumet
Wu Jian
Xom
Yredelemnul
Zin
The Shining One

Shops:
D:4 (   D:9 %

Annotations:
D:13 Erolcha
Lair:2 exclusion: hydra
Lair:4 Kirke


Innate Abilities, Weirdness & Mutations

((You have very sharp fingernails.))
((You are mostly covered in slimy green scales. (AC +3)))
You may emit foul miasma when damaged in melee.
You sometimes gain a little power by taking damage.
You are immune to rotting.
((You have large cloven feet.))
((Your flesh is cold resistant. (rC+)))
You are frail. (-10% HP)


Message History

Your +5 ring of protection melds into your body.
Your ring of poison resistance melds into your body.
Your +3 hand axe of electrocution stops crackling.
You feel strangely alone.
You feel less resistant to cold. The hog misses you.
You bite Kirke!
Kirke is almost dead.
The harpy barely misses you. The harpy misses you. The hog closely misses you.
Kirke hits you!
* * * LOW HITPOINT WARNING * * *
The hog closely misses the harpy.
You barely miss Kirke.
Kirke is almost dead.
The harpy is no longer moving slowly.
Kirke hits you!
* * * LOW HITPOINT WARNING * * *
The harpy misses you. The harpy claws you.
* * * LOW HITPOINT WARNING * * *
The hog closely misses you.
The hog seems less confused.
The harpy closely misses you. The harpy completely misses you.
The hog closely misses you. Kirke hits you!
You die...

...... ##
#####.......### ##
#.####...........#P##h##
........................
...................h....
..................<.h..h
......................h.
....?H☼†@...............
.......hhH..............
.#..P..#####P.#####P####
####.# ## ### ##


You could see Kirke, 2 harpies and a hog.

Vanquished Creatures
  A great orb of eyes (D:8)
  Harold (D:11)
  A death knight (D:11)
  2 two-headed ogres
  2 ugly things (D:11)
  A cyclops (D:11)
  5 elephants (Lair:2)
  Joseph (D:10)
  A black mamba (Lair:1)
  2 spiny frogs
  3 rime drakes (Lair:1)
  3 komodo dragons
  5 trolls
  A hornet (D:9)
  5 blink frogs (Lair:2)
  7 hippogriffs
  Sigmund (D:6)
  2 shadows (D:11)
  2 wyverns
  A spriggan (D:7)
  33 yaks
  5 hogs
  A fire bat (D:7)
  A steam dragon (D:11)
  7 vampire mosquitoes
  Menkaure (D:7)
  2 hungry ghosts (D:11)
  A swamp worm (Lair:2)
  3 wargs
  Edmund (D:4)
  3 water moccasins
  7 porcupines
  3 ice beasts
  4 orc warriors
  A phantom (D:5)
  2 sky beasts
  8 ogres
  An eye of draining (D:14)
  6 centaurs
  5 crocodiles
  3 big kobolds
  8 bullfrogs
  A wyvern skeleton (D:13)
  A water moccasin zombie (D:9)
  2 scorpions
  8 wights
  22 killer bees
  4 howler monkeys
  4 crimson imps
  A jelly (D:12)
  2 bullfrog zombies
  6 hounds
  13 orc priests
  2 centaur zombies
  A gnoll shaman (D:8)
  A bullfrog skeleton (D:8)
  4 centaur skeletons
  4 iguanas
  11 orc wizards
  9 worker ants
  A hound zombie (D:9)
  2 mummies (Ossuary)
  Robin (D:4)
  11 adders
  3 gnolls (D:8)
  3 shadow imps
  An ooze (D:4)
  An adder skeleton (D:4)
  3 worms
  4 leopard geckos
  37 orcs
  3 ball pythons
  6 bats
  2 giant cockroaches
  14 goblins
  4 hobgoblins
  9 jackals
  7 quokkas
  4 frilled lizards
  3 hobgoblin zombies (Ossuary)
  12 kobolds
  A kobold zombie (Ossuary)
  A quokka zombie (D:5)
  8 rats
  A fungus (Lair:2)
  A plant (Lair:2)
392 creatures vanquished.

Vanquished Creatures (collateral kills)
  3 killer bees
  A human zombie (Ossuary)
  A gnoll zombie (Ossuary)
  A kobold zombie (Ossuary)
6 creatures vanquished.

Vanquished Creatures (others)
  Jorgrun (D:13)
  A wyvern (D:13)
  A bullfrog (Lair:2)
  2 butterflies (Lair:2)
  A fungus (D:13)
  2 plants (D:13)
8 creatures vanquished.

Grand Total: 406 creatures vanquished

Notes
Turn   | Place    | Note
-------+----------+-------------------------------------------
     0 | D:1      | Chiseanne the Demonspawn Wizard began the quest for the
                  | Orb.
     0 | D:1      | Reached XP level 1. HP: 13/13 MP: 4/4
   567 | D:1      | Gained mutation: You sometimes gain a little power by
                  | taking damage. [demonic ancestry]
   567 | D:1      | Reached XP level 2. HP: 11/19 MP: 1/6
   905 | D:1      | Learned a level 2 spell: Blink
  1158 | D:2      | Reached XP level 3. HP: 20/24 MP: 1/8
  1744 | D:2      | Learned a level 3 spell: Conjure Flame
  1748 | D:2      | Learned a level 3 spell: Mephitic Cloud
  2053 | D:3      | Gained mutation: You have sharp fingernails. [demonic
                  | ancestry]
  2053 | D:3      | Reached XP level 4. HP: 30/30 MP: 5/9
  2192 | D:3      | Reached skill level 4 in Spellcasting
  2406 | D:3      | Reached skill level 1 in Air Magic
  2468 | D:3      | Gained mutation: You are partially covered in slimy green
                  | scales. (AC +2) [demonic ancestry]
  2468 | D:3      | Reached XP level 5. HP: 35/35 MP: 6/11
  3639 | D:4      | Found Botitu's Antique Weapon Boutique.
  3667 | D:4      | Found a shattered altar of Ashenzari.
  3793 | D:4      | Gained mutation: You are immune to rotting. [demonic
                  | ancestry]
  3793 | D:4      | Reached XP level 6. HP: 41/41 MP: 6/12
  3838 | D:4      | Noticed Robin
  4054 | D:4      | Killed Robin
  4263 | D:4      | Noticed Edmund
  4378 | D:4      | Killed Edmund
  4378 | D:4      | Reached skill level 5 in Spellcasting
  5034 | D:4      | Gained mutation: You are mostly covered in slimy green
                  | scales. (AC +3) [demonic ancestry]
  5034 | D:4      | Reached XP level 7. HP: 46/46 MP: 9/14
  5352 | D:5      | Entered Level 5 of the Dungeon
  5588 | D:5      | Reached skill level 1 in Armour
  5597 | D:5      | Reached skill level 5 in Conjurations
  6206 | D:5      | Reached XP level 8. HP: 32/52 MP: 4/16
  6486 | D:5      | Reached skill level 6 in Spellcasting
  7538 | D:6      | Noticed Sigmund
  7548 | D:6      | Killed Sigmund
  7548 | D:6      | Reached skill level 5 in Air Magic
  7659 | D:6      | Found a sand-covered staircase.
  7665 | Ossuary  | Entered an ossuary
  8527 | D:7      | Found a white marble altar of Elyvilon.
  8545 | D:7      | Noticed Menkaure
  8552 | D:7      | Killed Menkaure
  8552 | D:7      | Reached XP level 9. HP: 57/57 MP: 6/19
  9094 | D:7      | Reached skill level 7 in Spellcasting
  9638 | D:7      | Found a basalt altar of Yredelemnul.
  9752 | D:7      | Found a staircase to the Ecumenical Temple.
  9919 | Temple   | Entered the Ecumenical Temple
 10928 | D:8      | Reached skill level 5 in Fighting
 11272 | D:8      | Noticed a great orb of eyes
 11285 | D:8      | Killed a great orb of eyes
 11285 | D:8      | Reached XP level 10. HP: 42/79 MP: 13/20
 12165 | D:9      | Found Vuticap's Food Shoppe.
 12805 | D:9      | Found a radiant altar of Vehumet.
 13206 | D:9      | Found an iron altar of Okawaru.
 13466 | D:9      | Became a worshipper of Vehumet
 13474 | D:9      | Found a staircase to the Lair.
 13899 | D:9      | Reached skill level 8 in Spellcasting
 14069 | D:9      | You fall into a shaft and drop 3 floors!
 14307 | D:12     | You fall into a shaft and drop 3 floors!
 14307 | D:15     | Entered Level 15 of the Dungeon
 14325 | D:14     | Noticed a two-headed ogre
 14650 | D:13     | Reached * piety under Vehumet
 14650 | D:13     | Offered knowledge of Shock by Vehumet.
 14766 | D:13     | Gained mutation: You may emit foul miasma when damaged in
                  | melee. [demonic ancestry]
 14766 | D:13     | Reached XP level 11. HP: 53/84 MP: 9/23
 14936 | D:13     | Noticed Jorgrun
 14970 | D:13     | Killed Jorgrun
 14975 | D:13     | Noticed a brown ugly thing
 15038 | D:13     | Reached skill level 5 in Armour
 15061 | D:13     | Noticed Erolcha
 15281 | D:11     | Reached skill level 9 in Spellcasting
 15362 | D:10     | Entered Level 10 of the Dungeon
 15435 | D:10     | Reached ** piety under Vehumet
 15435 | D:10     | Offered knowledge of Sting by Vehumet.
 15496 | D:9      | Learned a level 3 spell: Stone Arrow
 15821 | D:10     | Reached skill level 1 in Translocations
 15926 | D:10     | Found a white marble altar of Elyvilon.
 15932 | D:10     | Noticed Joseph
 15965 | D:10     | Killed Joseph
 17272 | D:11     | Noticed a two-headed ogre
 17286 | D:10     | Killed a two-headed ogre
 17844 | D:11     | Noticed a death knight
 17867 | D:11     | Killed a death knight
 18710 | D:11     | Noticed a purple ugly thing
 18821 | D:11     | Killed a purple ugly thing
 18822 | D:11     | Gained mutation: You have very sharp fingernails. [demonic
                  | ancestry]
 18822 | D:11     | Reached XP level 12. HP: 71/91 MP: 11/25
 18950 | D:11     | Reached skill level 10 in Spellcasting
 19082 | D:11     | Noticed a two-headed ogre
 19215 | D:11     | Offered knowledge of Throw Frost by Vehumet.
 19593 | D:11     | Killed a two-headed ogre
 19593 | D:11     | Reached skill level 5 in Dodging
 19860 | D:11     | Noticed Harold
 19881 | D:11     | Killed Harold
 19881 | D:11     | Reached *** piety under Vehumet
 20099 | D:11     | Found a staircase to the Orcish Mines.
 20437 | Orc:1    | Entered Level 1 of the Orcish Mines
 20541 | Orc:1    | Learned a level 1 spell: Summon Butterflies
 20548 | Orc:2    | Entered Level 2 of the Orcish Mines
 20824 | Lair:1   | Entered Level 1 of the Lair of Beasts
 20840 | Lair:1   | Offered knowledge of Iskenderun's Mystic Blast by Vehumet.
 21240 | Lair:1   | Reached skill level 11 in Spellcasting
 21794 | Lair:1   | Identified a scroll of acquirement
 22111 | Lair:1   | Reached skill level 1 in Shields
 22864 | Lair:2   | Found a staircase to the Swamp.
 22946 | Lair:2   | Noticed a five-headed hydra
 23186 | Lair:2   | Reached **** piety under Vehumet
 23186 | Lair:2   | Reached skill level 5 in Shields
 23500 | Lair:2   | Reached XP level 13. HP: 85/96 MP: 21/28
 23773 | Lair:2   | Offered knowledge of Static Discharge by Vehumet.
 23917 | Lair:2   | Learned a level 3 spell: Static Discharge
 25198 | Lair:4   | Noticed Kirke
 25440 | Lair:4   | Gained mutation: Your flesh is cold resistant. (rC+)
                  | [potion of mutation]
 25440 | Lair:4   | Gained mutation: You are frail. (-10% HP) [potion of
                  | mutation]
 25440 | Lair:4   | Gained mutation: You have large cloven feet. [potion of
                  | mutation]
 25448 | Lair:4   | Mangled by Kirke

Levels and vault maps discovered:
D:1:      matt_arrival_los_fun, layout_basic, serial_curves, eino_curves_01,
          eino_curves_04, eino_curves_02
D:2:      layout_basic, first_ration, minmay_misc_feat_plants,
          wander_ebering_terrifying_dragon_lair
D:3:      layout_loops_ring, minmay_increasing_density
D:4:      layout_basic, serial_shops, shop, nicolae_ashenzari_panopticon,
          uniq_edmund, uniq_robin
D:5:      layout_basic
D:6:      layout_basic, lightli_ossuary_entry_decrepit_ruins,
          minmay_misc_feat_doors, uniq_sigmund
D:7:      layout_cave_pools, lemuel_doored_altar, elyvilon_altar_4,
          temple_statues, the_bakery, uniq_menkaure
D:8:      layout_cave_pods, kennysheep_just_a_vault
D:9:      layout_cave_pools, chequers_temple_overflow_statue_of_worship,
          erik_lair_orcish_takeover, serial_shops, shop
D:10:     layout_layer_cave, basic_altar, uniq_joseph
D:11:     layout_roguey, david_orc_3, dk_noncrumbling_3, grunt_ministairs_9,
          minmay_misc_feat_four_crosses, kennysheep_windowed_goal, uniq_harold
D:12:     layout_cave_pods
D:13:     layout_small_grid, david_vaults_5, nicolae_trove_entry_columns,
          nicolae_ru_the_path_less_chosen, uniq_jorgrun, uniq_erolcha
D:14:     layout_loops_corners, lightli_corner_chamber, uniq_snorg
D:15:     grunt_enter_depths_magical_seal, layout_gridville, old_standard_altar,
          grunt_ministairs_15, uniq_nessos
Temple:   dpeg_five_rooms_temple
Lair:1:   layout_cave_pods, grunt_megastairs_1
Lair:2:   layout_cave_pods, minmay_swamp_entry_worms, lemuel_old_faithful,
          lemuel_fruit_fields
Lair:3:   layout_regular_city
Lair:4:   layout_big_grid, spider_nest_entry_rubble, gauntlet_entry_generic,
          grunt_megastairs_2, uniq_kirke, uniq_josephine
Orc:1:    layout_caves, rock_pile, uniq_nergalle
Orc:2:    grunt_orc_gardens, layout_caves, grunt_orc_garden, grunt_orc_garden,
          grunt_orc_garden, grunt_orc_garden

Skill      XL: |  1  2  3  4  5  6  7  8  9 10 11 12 13 |
---------------+----------------------------------------+-----
Conjurations   | 2 3 4 5 6 8 9 |  9.2
Spellcasting   | 4 5 6 7 8 9 11 | 11.1
Air Magic      | 1 2 3 4 5 7 8 |  8.0
Armour         | 1 3 4 5 |  5.1
Fighting       | 7 |  7.3
Translocations | 3 |  3.5
Dodging        | 4 7 |  7.0
Shields        | 6 7 |  7.4
Stealth        | |  1.7
Summonings     | |  1.0

Action                   |  1- 3 |  4- 6 |  7- 9 | 10-12 | 13-15 || total
-------------------------+-------+-------+-------+-------+-------++-------
Melee: Dagger            |    12 |    33 |   144 |    47 |       ||   236
       Hand axe          |       |       |       |   348 |    78 ||   426
       Unarmed           |       |       |       |       |     2 ||     2
Throw: Javelin           |       |    12 |     1 |     4 |       ||    17
       Stone             |       |     2 |       |       |       ||     2
 Cast: Magic Dart        |    77 |    91 |   241 |   446 |    32 ||   887
       Mephitic Cloud    |       |    14 |    31 |    79 |     7 ||   131
       Conjure Flame     |       |    12 |    21 |    48 |       ||    81
       Blink             |       |     2 |     5 |    40 |       ||    47
       Stone Arrow       |       |       |       |    60 |    13 ||    73
       Static Discharge  |       |       |       |       |     2 ||     2
Evoke: Wand              |       |     1 |    11 |    30 |       ||    42
       Lamp of fire      |       |       |       |     1 |       ||     1
  Use: Scroll            |     6 |     5 |    13 |    19 |       ||    43
       Potion            |       |     1 |       |    11 |     2 ||    14
 Stab: Confused          |       |     3 |     5 |    21 |     4 ||    33
       Sleeping          |       |     1 |       |     1 |     1 ||     3
       Paralysed         |       |       |       |     3 |       ||     3
       Invisible         |       |       |       |     5 |       ||     5
  Eat: Chunk             |     3 |    10 |    21 |    31 |     6 ||    71
       Ration            |       |       |       |     2 |       ||     2
Armor: Robe              |     8 |     7 |       |       |       ||    15
       Leather armour    |       |       |    92 |   232 |    38 ||   362
       Skin              |       |       |       |    15 |       ||    15
Dodge: Dodged            |    19 |    18 |   114 |   353 |    72 ||   576
Block: Shield            |       |       |       |    28 |    52 ||    80
